 Dungeon Crawl Stone Soup version 0.20-a0-1088-gd50b1d5 (webtiles) character file.

2912 Eptagon the Blocker (level 10, 0/80 HPs)
             Began as a Formicid Fighter on May 2, 2017.
             Was an Initiate of Cheibriados.
             Slain by kroki's ghost (14 damage)
             ... on level 7 of the Dungeon.
             The game lasted 00:15:40 (7578 turns).

Eptagon the Blocker (Formicid Fighter)              Turns: 7578, Time: 00:15:40

Health: 0/80       AC: 15    Str: 22    XL:     10   Next: 6%
Magic:  10/10      EV:  8    Int: 12    God:    Cheibriados [......]
Gold:   407        SH: 11    Dex: 11    Spells: 8/9 levels left

rFire    . . .     SeeInvis +   a - +0 battleaxe
rCold    . . .     Gourm    .   c - +0 shield
rNeg     . . .     Faith    .   b - +3 chain mail
rPois    +         Spirit   .   (helmet unavailable)
rElec    .         Reflect  .   (no cloak)
rCorr    .         Harm     .   h - +0 pair of gloves
MR       +....                  (no boots)
Stlth    ..........             p - amulet of magic regeneration
Regen    0.3/turn               x - ring of poison resistance
MPRegen  0.2/turn               (no ring)

@: very slow
A: permanent stasis, dig shafts and tunnels, four strong arms, antennae 3
a: Dig, Shaft Self, Bend Time, Renounce Religion


You were on level 7 of the Dungeon.
You worshipped Cheibriados.
Cheibriados was noncommittal.
You were hungry.

You visited 2 branches of the dungeon, and saw 8 of its levels.

You collected 407 gold pieces.

Inventory:

Hand Weapons
 a - a +0 battleaxe (weapon)
Missiles
 q - 6 javelins (quivered)
Armour
 b - a +3 chain mail (worn)
 c - a +0 shield (worn)
 h - a +0 pair of gloves (worn)
Jewellery
 p - an amulet of magic regeneration (around neck)
 x - a ring of poison resistance (left hand)
Wands
 e - a wand of random effects (7/48)
 m - a wand of acid (7/15)
 u - a wand of lightning (6/15)
 y - a wand of clouds (2/9)
Scrolls
 i - 7 scrolls of remove curse
 o - 2 scrolls of enchant weapon {unknown}
 r - 2 scrolls of magic mapping {unknown}
 s - 2 scrolls of fog {unknown}
 w - a scroll of immolation {unknown}
Potions
 d - 2 potions of might
 j - 2 potions of brilliance
 k - a potion of resistance
 l - 2 potions of flight
 n - 2 potions of heal wounds {unknown}
 t - a potion of curing
 v - a potion of invisibility {unknown}
Comestibles
 f - 5 bread rations
 g - 4 meat rations
 z - 2 fruits
 A - 6 chunks of flesh


   Skills:
 + Level 7.7 Fighting
 + Level 6.8 Axes
 + Level 8.1 Armour
 + Level 8.9 Shields


You had 8 spell levels left.
You knew the following spells:

 Your Spells              Type           Power        Failure   Level  Hunger
a - Apportation           Tloc           #.....       92%         1    ##.....


Dungeon Overview and Level Annotations

Branches:
Dungeon (7/15)             Temple (1/1) D:7

Altars:
Ashenzari
Cheibriados
Elyvilon
Fedhas
Gozag
Hepliaklqana
Kikubaaqudgha
Makhleb
Nemelex Xobeh
Qazlal
Ru
Sif Muna
Trog
Uskayaw
Vehumet
Wu Jian
Xom
Yredelemnul
Zin
The Shining One

Shops:
D:6 *

Annotations:
D:7 kroki's ghost, novice MiVM


Innate Abilities, Weirdness & Mutations

You cannot be hasted, slowed, berserked, paralysed or teleported.
You can dig through walls and to a lower floor.
Your four strong arms can wield two-handed weapons with a shield.
You have a pair of large antennae on your head. (SInv)


Message History

Kroki's ghost barely misses you.
You slice kroki's ghost!!
Kroki's ghost is severely damaged.
You block kroki's ghost's attack.
Your chain mail prevents you from hitting kroki's ghost.
Kroki's ghost is severely damaged.
Kroki's ghost barely misses you. Kroki's ghost hits you.
You hit kroki's ghost but do no damage.
Kroki's ghost is severely damaged.
Kroki's ghost hits you!
* * * LOW HITPOINT WARNING * * *
You barely miss kroki's ghost.
Kroki's ghost is severely damaged.
Kroki's ghost hits you!
* * * LOW HITPOINT WARNING * * *
You hit kroki's ghost.
Kroki's ghost is severely damaged.
Kroki's ghost hits you but does no damage.
Kroki's ghost hits you!
You die...

######...#.(.##..>.....#
. #..(..[.....###. ## .#
#...#.....#.###...# ..
##....#.#..........
#..##
##.....#.###.#####.
#....##..#...#.###.>.#
..##......(..........#
#.####...#.###.....#..#
..# ##)....# ##.@W.##..#
..###...#### ##....##.#
..).....# .....# $.#
.#..#.#.# #.##...# .#
......#..# #. ........
...#.###..# .. #.##...
...#.## #.# ... .. ...
......# #.. ... # ..
......#....#


You could see kroki's ghost.

Vanquished Creatures
  Pikel (D:5)
  A hippogriff (D:7)
  A hungry ghost (D:7)
  Eustachio (D:5)
  Menkaure (D:6)
  4 ogres
  An orc warrior (D:5)
  A slave (D:5)
  A necrophage (D:6)
  A centaur (D:7)
  A bullfrog (D:7)
  A scorpion (D:4)
  2 howler monkeys (D:4)
  2 crimson imps
  3 jellies
  A bullfrog zombie (D:6)
  5 orc priests
  7 orc wizards
  Jessica (D:2)
  Ijyb (D:5)
  7 worker ants
  Robin (D:2)
  7 gnolls
  7 adders
  An adder zombie (D:5)
  An adder skeleton (D:5)
  5 worms
  4 dart slugs
  3 leopard geckos
  29 orcs
  4 giant cockroaches
  15 goblins
  16 hobgoblins
  2 iguanas
  18 jackals
  3 quokkas
  4 ball pythons
  15 bats
  4 frilled lizards
  8 kobolds
  A leopard gecko zombie (D:6)
  A quokka skeleton (D:4)
  A quokka zombie (D:7)
  8 rats
202 creatures vanquished.

Notes
Turn   | Place    | Note
-------+----------+-------------------------------------------
     0 | D:1      | Eptagon the Formicid Fighter began the quest for the Orb.
     0 | D:1      | Reached XP level 1. HP: 18/18 MP: 1/1
   151 | D:1      | Reached XP level 2. HP: 16/24 MP: 2/2
   184 | D:1      | Found a shattered altar of Ashenzari.
   497 | D:1      | Reached XP level 3. HP: 29/29 MP: 3/3
   891 | D:2      | Noticed Robin
   892 | D:2      | Reached XP level 4. HP: 29/36 MP: 4/4
   896 | D:2      | Noticed Jessica
   914 | D:2      | Killed Robin
  1093 | D:2      | Killed Jessica
  1093 | D:2      | Reached XP level 5. HP: 34/42 MP: 5/5
  2270 | D:3      | Reached skill level 5 in Shields
  2270 | D:3      | Reached XP level 6. HP: 9/48 MP: 6/6
  2913 | D:3      | Reached skill level 5 in Armour
  3437 | D:4      | Reached XP level 7. HP: 45/55 MP: 7/7
  3786 | D:4      | Reached skill level 5 in Fighting
  4096 | D:4      | Reached XP level 8. HP: 62/62 MP: 8/8
  4228 | D:5      | Entered Level 5 of the Dungeon
  4228 | D:5      | Noticed Ijyb
  4258 | D:5      | Killed Ijyb
  4335 | D:5      | Learned a level 1 spell: Apportation
  4386 | D:5      | Found a shimmering altar of Xom.
  4443 | D:5      | Found a blossoming altar of Fedhas.
  4540 | D:5      | Noticed Pikel
  4542 | D:5      | Noticed Eustachio
  4573 | D:5      | Killed Pikel
  4573 | D:5      | Reached skill level 5 in Axes
  4573 | D:5      | Reached XP level 9. HP: 32/69 MP: 9/9
  4658 | D:5      | Killed Eustachio
  5887 | D:6      | Noticed Menkaure
  6399 | D:6      | Killed Menkaure
  6443 | D:6      | Found a sparkling altar of Nemelex Xobeh.
  6733 | D:6      | Identified Keg Gyr's Disquisition on Bewitchment
  6854 | D:6      | Found Gorikkown's General Store.
  6956 | D:7      | Found a staircase to the Ecumenical Temple.
  6965 | Temple   | Entered the Ecumenical Temple
  7116 | Temple   | Became a worshipper of Cheibriados the Contemplative
  7147 | D:7      | Noticed a hippogriff
  7153 | D:7      | Killed a hippogriff
  7389 | D:7      | Found a radiant altar of Vehumet.
  7441 | D:7      | Reached XP level 10. HP: 78/79 MP: 10/10
  7558 | D:7      | Noticed kroki's ghost (novice MiVM)
  7578 | D:7      | Slain by kroki's ghost

Vault maps used:
D:1:      nagdon_arrival_double_spiral, evilmike_ruin_ashenzari
D:2:      uniq_jessica, uniq_robin
D:5:      old_standard_altar, first_bread, dk_xom_monty_hall, uniq_pikel,
          uniq_ijyb, uniq_eustachio
D:6:      nemelex_xobeh_ov_fountains_minmay, serial_shops, kennysheep_mini,
          minmay_misc_feat_rows, kennysheep_doodads, uniq_menkaure
D:7:      minmay_temple_entry_junction, basic_altar
Temple:   minmay_crystal_spiral_temple

Skill      XL: |  1  2  3  4  5  6  7  8  9 |
---------------+----------------------------+-----
Shields        | 4 5 6 7 8 |  8.9
Armour         | 4 5 6 8 |  8.1
Axes           | 3 4 5 6 |  6.8
Fighting       | 4 5 6 7 |  7.7

Action                   |  1- 3 |  4- 6 |  7- 9 | 10-12 || total
-------------------------+-------+-------+-------+-------++-------
Melee: War axe           |   109 |   292 |   290 |       ||   691
       Battleaxe         |       |       |   111 |    36 ||   147
Throw: Javelin           |       |     1 |     1 |       ||     2
 Abil: Dig               |       |     2 |     2 |       ||     4
Evoke: Wand              |       |       |     1 |       ||     1
  Use: Scroll            |       |     2 |     6 |       ||     8
       Potion            |       |       |     1 |       ||     1
  Eat: Chunk             |       |     9 |    19 |       ||    28
       Royal jelly       |       |       |     1 |       ||     1
Armor: Scale mail        |    52 |    86 |       |       ||   138
       Chain mail        |       |    41 |   225 |     7 ||   273
Dodge: Dodged            |    35 |    88 |   133 |    11 ||   267
Block: Shield            |    74 |   165 |   241 |    17 ||   497
